 Dungeon Crawl Stone Soup version 0.24.0-125-gc4c63601f3 (webtiles) character file.

Game seed: 8563052798573938678, levelgen mode: deterministic

117 lepoulpe303 the Grave Robber (level 4, 0/30 HPs)
             Began as a Demonspawn Necromancer on Mar 15, 2020.
             Slain by a giant cockroach (1 damage)
             ... on level 3 of the Dungeon.
             The game lasted 00:08:23 (2536 turns).

lepoulpe303 the Grave Robber (DsNe)                 Turns: 2536, Time: 00:08:24

Health: 0/30       AC:  4    Str:  9    XL:     4   Next: 71%
Magic:  1/8        EV: 12    Int: 17    God:
Gold:   102        SH:  0    Dex: 13    Spells: 1/9 levels left

rFire    . . .     SeeInvis .   b - +0 whip
rCold    . . .     Gourm    .   (no shield)
rNeg     . . .     Faith    .   a - +0 robe
rPois    .         Spirit   .   (no helmet)
rElec    .         Reflect  .   d - +0 cloak
rCorr    .         Harm     .   (no gloves)
MR       .....                  (no boots)
Stlth    ++........             (no amulet)
HPRegen  0.10/turn              (no ring)
MPRegen  0.11/turn              (no ring)

@: no status effects
A: rugged brown scales 1, powered by death 2
a: no special abilities


You were on level 3 of the Dungeon.
You were hungry.

You visited 1 branch of the dungeon, and saw 3 of its levels.

You collected 102 gold pieces.

Inventory:

Hand Weapons
 b - a +0 whip (weapon)
 l - a cursed -3 dagger
Armour
 a - a +0 robe (worn)
 d - a +0 cloak (worn)
Scrolls
 f - a scroll of fog
 h - 2 scrolls of teleportation {unknown}
 i - a scroll of identify {unknown}
Potions
 c - a potion of agility {unknown}
 g - a potion of curing {unknown}
 k - a potion of degeneration {unknown}
 m - a potion of heal wounds {unknown}
 n - a potion of might {unknown}
Comestibles
 e - 2 rations


   Skills:
 + Level 2.3 Dodging
 + Level 2.6 Stealth
 * Level 3.1 Spellcasting
 * Level 5.3 Necromancy


You had one spell level left.
You knew the following spells:

 Your Spells              Type           Power        Failure   Level  Hunger
a - Pain                  Necr           ###.         1%          1    None
r - Regeneration          Chrm/Necr      ##........   17%         3    ###....
x - Vampiric Draining     Necr           ###.......   6%          3    ###....
A - Animate Skeleton      Necr           N/A          1%          1    None

Your spell library contained the following spells:

 Spells                   Type           Power        Failure   Level  Hunger
 Animate Dead             Necr           N/A          19%         4    ####...


Dungeon Overview and Level Annotations

Branches:
Dungeon (3/15)

Altars:
Sif Muna

Annotations:
D:2 Sigmund


Innate Abilities, Weirdness & Mutations

You are partially covered in rugged brown scales. (AC +1, +3% HP)
You regenerate health from kills.


Message History

You struggle against the net.
The gnoll hits you from afar with a +0 spear.
* * * LOW HITPOINT WARNING * * *
The giant cockroach waves its antennae.
The giant cockroach bites you but does no damage.
The gnoll barely misses you.
You take 3 damage, and have 11/30 hp.
You struggle against the net.
The gnoll hits you from afar with a +2 spear of pain!
* * * LOW HITPOINT WARNING * * *
You writhe in agony.
* * * LOW HITPOINT WARNING * * *
The gnoll barely misses you. The giant cockroach barely misses you.
The gnoll hits you from afar with a +0 spear.
* * * LOW HITPOINT WARNING * * *
You take 10 damage, and have 1/30 hp.
MASSIVE DAMAGE!!
You shred the net and break free! The giant cockroach bites you.
You die...

... ..
## ..
.. ##.
#? ..
#. .#
#.#s###
#.@)g.#
###.#.#


gg% ..... ##..../ ###.# # You could see 3 gnolls and a giant cockroach.

Levels and vault maps discovered:
D:1:      minmay_arrival_plants_in_alcoves, layout_rooms, minmay_misc_feat_room,
          st_stairs_14, lexackson_kobold_supper
D:2:      minmay_door_path, layout_basic, nicolae_overflow_hidden_temple,
          uniq_sigmund
D:3:      layout_loops_cross, kennysheep_okawaru_gauntlet, first_ration,
          uniq_crazy_yiuf_cottage, uniq_terence, uniq_natasha, uniq_ijyb

Notes
Turn   | Place    | Note
-------+----------+-------------------------------------------
     0 | D:1      | lepoulpe303 the Demonspawn Necromancer began the quest for
                  | the Orb.
     0 | D:1      | Reached XP level 1. HP: 13/13 MP: 3/3
   280 | D:1      | Identified a +0 club
   488 | D:1      | Identified a +0 whip
   488 | D:1      | Identified a cursed -3 dagger
   488 | D:1      | Identified a +0 short sword
   488 | D:1      | Identified a +0 dagger
   541 | D:1      | HP: 3/13 [bat (1)]
   546 | D:1      | Gained mutation: You regenerate a little health from kills.
                  | [demonic ancestry]
   546 | D:1      | Reached XP level 2. HP: 5/19 MP: 0/5
   553 | D:1      | Identified a +0 club
   557 | D:1      | Identified a +0 whip
   560 | D:1      | HP: 3/19 [giant cockroach (1)]
   578 | D:1      | Reached skill level 2 in Stealth
   590 | D:1      | HP: 1/19 [dart slug/slug dart (4)]
   779 | D:1      | Identified a +0 club
   818 | D:1      | Identified a +0 cloak (You found it on level 1 of the
                  | Dungeon)
   824 | D:1      | Reached skill level 2 in Dodging
   846 | D:1      | Identified a cursed +0 dagger
   852 | D:1      | Identified a +0 short sword
   855 | D:1      | Identified a +0 dagger
   956 | D:1      | Gained mutation: You are partially covered in rugged brown
                  | scales. (AC +1, +3% HP) [demonic ancestry]
   956 | D:1      | Reached XP level 3. HP: 7/24 MP: 3/6
   959 | D:1      | Learned a level 1 spell: Animate Skeleton
   963 | D:1      | Learned a level 3 spell: Vampiric Draining
   986 | D:1      | Identified a +0 dagger
  1018 | D:1      | Identified a +0 club
  1236 | D:1      | Identified a +0 club
  1382 | D:1      | You fall into a shaft and drop 1 floor!
  1388 | D:2      | Found a shimmering blue altar of Sif Muna.
  1389 | D:2      | Identified a +0 club
  1397 | D:2      | Reached skill level 5 in Necromancy
  1771 | D:2      | Identified a +0 dagger
  1941 | D:2      | Gained mutation: You regenerate health from kills. [demonic
                  | ancestry]
  1941 | D:2      | Reached XP level 4. HP: 21/30 MP: 6/8
  1949 | D:2      | Learned a level 3 spell: Regeneration
  2015 | D:2      | Identified a +0 club
  2114 | D:2      | Identified 2 scrolls of fog
  2145 | D:2      | Identified a +0 club
  2149 | D:2      | Reached skill level 3 in Spellcasting
  2370 | D:2      | Identified a +0 scythe
  2370 | D:2      | Identified a +0 robe
  2370 | D:2      | Noticed Sigmund
  2526 | D:3      | Identified a +0 spear
  2526 | D:3      | Identified a +0 spear
  2526 | D:3      | Identified a +0 flail
  2528 | D:3      | Identified a +2 spear of pain
  2528 | D:3      | Identified a +0 leather armour
  2535 | D:3      | HP: 4/30 [gnoll/+2 spear of pain (7)]
  2535 | D:3      | HP: 1/30 [gnoll/+0 spear (2)]
  2536 | D:3      | Slain by a giant cockroach

Table legend:
 A = Turns spent in this place as a percentage of turns spent in the entire game.
 B = Non-inter-level travel turns spent in this place as a percentage of non-inter-level travel turns spent in the entire game.
 C = Inter-level travel turns spent in this place as a percentage of turns spent in this place.
 D = Turns resting spent in this place as a percentage of non-inter-level travel turns spent in this place.
 E = Turns spent auto-exploring this place as a percentage of non-inter-level travel turns spent in this place.
 F = Non-inter-level travel turns spent in this place divided by the number of levels of this place that you've seen.
                   A       B       C       D       E      F
               +-------+-------+-------+-------+-------+----------------------
         Total | 100.0 | 100.0 |   0.9 |  38.3 |  36.9 | 837.3
       Dungeon | 100.0 | 100.0 |   0.9 |  38.3 |  36.9 | 837.3
               +-------+-------+-------+-------+-------+----------------------

Table legend:
 A = Kills in this place as a percentage of kills in entire the game.
 B = Kills by you in this place as a percentage of kills by you in the entire game.
 C = Kills by friends in this place as a percentage of kills by friends in the entire game.
 D = Other kills in this place as a percentage of other kills in the entire game.
 E = Experience gained in this place as a percentage of experience gained in the entire game.
 F = Experience gained in this place divided by the number of levels of this place that you have seen.
                   A       B       C       D       E      F
               +-------+-------+-------+-------+-------+----------------------
         Total | 100.0 | 100.0 |   N/A |   N/A | 100.0 |  56.0
       Dungeon | 100.0 | 100.0 |   N/A |   N/A | 100.0 |  56.0
               +-------+-------+-------+-------+-------+----------------------

Skill      XL: |  1  2  3  4 |
---------------+-------------+-----
Stealth        | 2 |  2.6
Dodging        | 2 |  2.3
Necromancy     | 5 |  5.3
Spellcasting   | 3 |  3.1

Action                   |  1- 3 |  4- 6 || total
-------------------------+-------+-------++-------
Melee: Unarmed           |    20 |       ||    20
       Whip              |    97 |    55 ||   152
 Cast: Pain              |    42 |     7 ||    49
       Vampiric Draining |     1 |     1 ||     2
       Animate Skeleton  |       |     2 ||     2
  Use: Scroll            |       |     1 ||     1
 Stab: Sleeping          |     6 |     6 ||    12
  Eat: Chunk             |     4 |     1 ||     5
Armor: Robe              |    42 |    16 ||    58
Dodge: Dodged            |   106 |    28 ||   134

Vanquished Creatures
  A gnoll (D:3)
  3 adders (D:2)
  2 oozes (D:2)
  4 dart slugs
  A worm (D:2)
  2 leopard geckos (D:1)
  12 bats
  2 giant cockroaches
  8 goblins
  6 hobgoblins
  9 kobolds
  A quokka (D:2)
  A ball python (D:1)
  3 frilled lizards
  6 rats
61 creatures vanquished.

Vanquished Creatures (others)
  2 plants (D:1)
2 creatures vanquished.

Grand Total: 63 creatures vanquished
